Cogmind - Beta 14 *** ADVENTURER MODE // 2024.09.04 @ 01:42:48 Player: Ms. V3-11A Result: Destroyed by Combat Programmer with EMDS Performance ------------- Evolutions (7) 3500 Regions Visited (18) 3600 Robots Destroyed (210) 1050 Value Destroyed (10751) 10751 Prototype IDs (49) 980 Alien Tech Used (5) 1000 Bonus (12583) 12583 TOTAL SCORE: 33464 Bonus ------- High Alert Combat Kills 402 Follower Combat Kills 4697 Registered with UFD 300 Met Zhirov 300 Built Enhanced Grunts 300 Read Decrypted Archives 300 Found Hidden Lab 3000 Used Core Reset Matrix 3000 Pursued by Intercept 1000 Friendly Fire -716 Cogmind --------- Core Integrity 0/1300 Matter 29/300 Energy 1140/1140 System Corruption 72% Temperature Cool (0) Movement Core (650) Ox12 Location -3/Quarantine Parts ------- > --- POWER (3) -------- Particle Reactor > --- PROPULSION (4) --- Gyrokinetic Inverter Gyrokinetic Inverter Gyrokinetic Inverter Gyrokinetic Inverter > --- UTILITY (12) ----- Compact Battery Experimental Energy Well Experimental Sensor Array Advanced Target Analyzer Improved Hacking Suite Advanced Hacking Suite Improved System Shield Advanced System Shield Improved Component Analysis Suite > --- WEAPON (3) ------- Linear Accelerator Heavy Flail > --- INVENTORY (5) ---- Improved Antigrav System Advanced Force Field Hypervelocity EM Gauss Rifle Gamma Rifle Fusion Bomb Launcher Peak State ------------ > --- POWER ------------ Light Antimatter Reactor Light Particle Reactor Micro Antimatter Reactor > --- PROPULSION ------- Armored Heavy Treads Centrium Heavy Treads > --- UTILITY ---------- Experimental Heat Sink Experimental Heat Sink Advanced Cooling System Large Storage Unit Advanced Energy Well Experimental Core Shielding Heavy Regenerative Plating Advanced Hacking Suite Deep Network Scanner Improved System Shield Improved Component Analysis Suite > --- WEAPON ----------- Compact HERF Cannon Railgun Railgun > --- INVENTORY -------- Light Antimatter Reactor Armored Heavy Treads Armored Heavy Treads Experimental Energy Well Compact Matter Pod Experimental Sensor Array Amulet of Y3-NDR Transdimensional Reconstructor Hypervelocity EM Gauss Rifle Tachyon Dispersion Ray Advanced Variable Charge Gun Matter Neutralizer Guided Remote Datajack [Rating: 172] Favorites ----------- Power Light Antimatter Reactor Engine Makeshift Power Source Power Core Reinforced Fission Core Reactor Light Antimatter Reactor Propulsion Centrium Heavy Treads Treads Centrium Heavy Treads Leg Armored Leg Hover Unit Gyrokinetic Inverter Utility Large Storage Unit Device Advanced Heat Sink Storage Large Storage Unit Processor Machine Analyzer Hackware Makeshift Hacking Suite Protection Centrium Medium Armor Plating Weapon Railgun Energy Gun Heavy Laser Energy Cannon Matter Neutralizer Ballistic Gun Railgun Ballistic Cannon Hardcell Cannon Launcher Subdweller Shrapnel Launcher Special Weapon Guided Remote Datajack Impact Weapon Thunder Hammer Slashing Weapon Chainsword Build | -11 -10 -10 -8 -8 -6 -6 -6 -6 -5 -5 -5 -5 -4 -4 -4 -4 -3 -3 ------- Run | Yrd Mat Sub Rec Scr Fac Ext Cet Arc Fac Upp Upp Zhi Pro Fac Arm Lab Res Qua Slots Evolved 14 | . . . . . 8 . . . 2 . . . . 2 . . 2 . Power 2 | . . . . . . . . . 1 . . . . 1 . . . . Propulsion 2 | . . . . . 1 . . . 1 . . . . . . . . . Utility 9 | . . . . . 6 . . . . . . . . 1 . . 2 . Weapon 1 | . . . . . 1 . . . . . . . . . . . . . Parts Attached 331 | . 17 19 1 3 47 29 11 . 37 1 9 13 8 24 . 19 72 21 Power 48 | . 4 2 . . 5 2 3 . 6 . 2 1 1 7 . 1 11 3 Engine 17 | . 4 2 . . 5 2 1 . 3 . . . . . . . . . Core 6 | . . . . . . . . . 2 . 2 . 1 . . . . 1 Reactor 25 | . . . . . . . 2 . 1 . . 1 . 7 . 1 11 2 Propulsion 43 | . 5 2 . 2 12 8 1 . 2 1 . . . 1 . 1 8 . Treads 13 | . 2 2 . . . . . . 2 1 . . . 1 . 1 4 . Leg 26 | . 3 . . 2 12 8 1 . . . . . . . . . . . Wheel . | . . . . . . . . . . . . . . . . . . . Hover 4 | . . . . . . . . . . . . . . . . . 4 . Flight . | . . . . . . . . . . . . . . . . . . . Utility 132 | . 5 3 . 1 19 14 2 . 20 . 3 5 3 10 . 8 25 14 Device 76 | . 2 1 . . 7 10 1 . 17 . 2 3 3 4 . 4 14 8 Storage 15 | . 2 . . . . . . . . . . 1 . 1 . 2 5 4 Processor 8 | . . . . 1 2 4 . . . . . . . . . . . 1 Hackware 10 | . . . . . 1 . . . 1 . 1 . . 2 . 1 3 1 Protection 23 | . 1 2 . . 9 . 1 . 2 . . 1 . 3 . 1 3 . Artifact . | . . . . . . . . . . . . . . . . . . . Weapon 108 | . 3 12 1 . 11 5 5 . 9 . 4 7 4 6 . 9 28 4 Energy Gun 39 | . . 3 1 . 7 2 1 . 6 . . . . 2 . 7 10 . Energy Cannon 19 | . . 1 . . 1 1 1 . 1 . 3 2 1 1 . 1 6 . Ballistic Gun 31 | . 3 4 . . 1 1 2 . 2 . 1 5 1 2 . 1 8 . Ballistic Cannon 9 | . . 2 . . 1 1 . . . . . . 2 1 . . . 2 Launcher 6 | . . 2 . . 1 . 1 . . . . . . . . . 2 . Special Weapon 1 | . . . . . . . . . . . . . . . . . 1 . Impact Weapon 2 | . . . . . . . . . . . . . . . . . . 2 Slashing Weapon 1 | . . . . . . . . . . . . . . . . . 1 . Piercing Weapon . | . . . . . . . . . . . . . . . . . . . Special Melee Weapon . | . . . . . . . . . . . . . . . . . . . Unidentified Prototypes 23 | . . 1 . . . . 3 . 1 . 1 5 . . 1 10 1 . Corrupted Parts 18 | . . . . . . 1 5 . 4 1 . . 5 1 . 1 . . System Corruption 110 | . . . . . . 3 38 . 24 4 . . 26 8 . 7 . . Parts Lost 89 | . . 4 . . 27 4 1 5 6 . 1 . . 7 . 1 25 8 Power 16 | . . . . . 4 . 1 . 1 . 1 . . 1 . . 4 4 Propulsion 13 | . . 2 . . 6 . . 1 . . . . . . . . 4 . Utility 40 | . . 2 . . 12 3 . 1 3 . . . . 5 . 1 10 3 Weapon 20 | . . . . . 5 1 . 3 2 . . . . 1 . . 7 1 Highest Loss Streak 17 | . . 1 . . 17 1 1 5 4 . 1 . . 3 . 1 10 4 To Critical Strikes 4 | . . 1 . . . . 1 . . . 1 . . . . . 1 . Average Slot Usage (%) 90 | . 99 98 100 98 87 95 98 78 85 88 84 71 87 82 84 84 74 88 Engine 7 | . 14 14 14 14 9 6 1 . . 5 5 5 1 . . . . . Reactor 3 | . . . . . . . 3 6 5 . . 1 5 10 15 15 10 9 Treads 11 | . . 27 28 10 . . . . 11 11 11 11 11 9 10 10 7 . Leg 6 | . 27 . . 17 18 20 20 15 . . . . . . . . . . Device 14 | . 12 6 14 4 14 27 26 22 17 23 22 21 16 17 21 20 13 12 Storage 9 | . 14 14 14 14 6 6 6 6 5 5 5 5 5 4 5 5 8 9 Processor 2 | . . . . 8 6 7 8 6 4 . . . . . . . . 2 Hackware 5 | . . . . . 5 6 6 6 11 11 11 11 11 8 5 7 13 19 Protection 5 | . . 7 . . 9 . 3 6 5 5 5 6 11 9 10 10 6 . Energy Gun 7 | . 12 3 28 28 7 12 3 2 11 . . . . . 5 4 2 . Energy Cannon 3 | . . 9 . . 3 . 2 . 2 5 5 . 4 4 . 3 2 . Ballistic Gun 6 | . 15 9 . . 2 1 7 4 1 11 11 . 6 5 10 6 6 2 Ballistic Cannon 1 | . . 2 . . 1 3 2 . . . . . 3 4 . . . 5 Peak Build Rating 172 | 6 14 22 22 31 73 73 102 102 122 117 119 128 133 152 151 162 172 151 Average Rating 73 | 6 9 15 22 26 60 62 88 80 115 116 114 103 131 136 148 152 145 131 On Entrance 82 | 6 6 13 21 22 31 43 73 102 68 117 116 118 128 133 151 143 160 120 Naked Turns . | . . . . . . . . . . . . . . . . . . . Heaviest Build 119 | 13 40 46 30 30 59 55 70 68 76 74 78 77 93 118 107 113 119 88 Greatest Support 160 | 20 40 40 40 40 56 56 56 56 160 160 160 160 160 160 160 160 160 44 Greatest Overweight (x) 25 | . 1 2 . 1 1 1 1 1 . . . . . . . . 5 25 Average Overweight (x) . | . . . . . . . . 1 . . . . . . . . . 1 Largest Inventory Capacity 15 | 8 15 15 15 15 15 15 15 15 15 15 15 15 15 15 15 15 15 5 Average Capacity 14 | 8 14 15 15 15 15 15 15 15 15 15 15 15 15 14 15 15 13 5 Most Carried 15 | 5 15 15 15 15 15 15 15 15 15 15 15 15 15 15 15 15 15 5 Average Carried 13 | 5 12 14 15 14 12 14 14 15 13 14 14 14 14 13 15 14 13 4 Final Capacity 15 | 8 15 15 15 15 15 15 15 15 15 15 15 15 15 15 15 15 5 5 Final Carried 15 | 4 15 15 15 15 9 15 15 15 15 15 15 15 15 15 15 15 5 5 Class Distribution -------------------- 38% | Mutant 19% | Scavenger-Tank 7% | Scavenger-Skirmisher 6% | Hacker-Tank 5% | Wizard-Mutant 4% | Scavenger-Mutant 4% | Scavenger-Gunner 3% | Wizard-Tank Dominant Class ---------------- Mutant | -10/Materials Mutant | -10/Subcaves Mutant | -8/Recycling Mutant | -8/Scraptown Hacker-Tank | -6/Factory Scavenger-Tank | -6/Extension Commander-Skirmisher | -6/Cetus Hacker-Mutant | -6/Archives Scavenger-Skirmisher | -5/Factory Scavenger-Gunner | -5/Upper Caves Scavenger-Tank | -5/Upper Caves Scavenger-Mutant | -5/Zhirov Scavenger-Tank | -4/Proximity Caves Scavenger-Tank | -4/Factory Scavenger-Tank | -4/Armory Hacker-Gunner | -4/Lab Wizard-Tank | -3/Research Wizard-Mutant | -3/Quarantine Resources | -11 -10 -10 -8 -8 -6 -6 -6 -6 -5 -5 -5 -5 -4 -4 -4 -4 -3 -3 ----------- Run | Yrd Mat Sub Rec Scr Fac Ext Cet Arc Fac Upp Upp Zhi Pro Fac Arm Lab Res Qua Matter Collected 7449 | 200 172 997 . 94 772 419 183 . 583 201 223 . 146 946 . 309 1615 589 Remotely . | . . . . . . . . . . . . . . . . . . . Salvage Created 10859 | . 750 719 . . 2072 566 280 . 1556 486 223 . 207 1049 . 309 1645 997 Parts 496 | . 45 59 . . 86 21 12 . 71 13 9 . 4 48 . 16 78 34 Haulers Intercepted 3 | . 1 . . . . . . . . . . . . . . . . 2 Recyclers Shooed 8 | . . . 1 . 2 3 . . . . . . . 1 . . . 1 Parts Field Recycled . | . . . . . . . . . . . . . . . . . . . Retrieved Matter . | . . . . . . . . . . . . . . . . . . . Parts Self-Destructed 68 | . . 28 . . . . . . . 13 15 . 12 . . . . . Prevented 50 | . . . . . . . . . . . 10 . 40 . . . . . Kills | -11 -10 -10 -8 -8 -6 -6 -6 -6 -5 -5 -5 -5 -4 -4 -4 -4 -3 -3 ------- Run | Yrd Mat Sub Rec Scr Fac Ext Cet Arc Fac Upp Upp Zhi Pro Fac Arm Lab Res Qua Combat Hostiles Destroyed 175 | . 17 19 . . 36 7 3 . 23 8 3 . 3 14 . 4 24 14 Melee 2 | . . . . . . . . . . . . . . . . . 1 1 Guns 82 | . 16 8 . . 11 4 . . 10 6 1 . . 4 . 4 17 1 Cannons 66 | . . 10 . . 23 2 . . 6 2 1 . 2 9 . . 5 6 AOE 3 | . 1 . . . . . . . . . . . . 1 . . 1 . Classes Destroyed 21 | . 6 4 . . 7 . 1 . 3 . . . . . . . . . Worker 7 | . 1 . . . 1 . . . 1 . . . . 2 . . 1 1 Builder 7 | . 1 . . . 3 1 . . . . . . . 1 . . . 1 Hauler 3 | . 1 . . . . . . . . . . . . . . . . 2 Recycler 6 | . 1 . . . 3 1 . . . . . . . 1 . . . . Mechanic 2 | . . . . . 1 . . . . . . . . 1 . . . . Operator 2 | . . . . . . . . . 2 . . . . . . . . . Turret 2 | . . 2 . . . . . . . . . . . . . . . . Watcher 2 | . . . . . . . 1 . 1 . . . . . . . . . Swarmer 19 | . 3 7 . . 7 . . . . . . . . . . . 2 . Saboteur 1 | . . . . . 1 . . . . . . . . . . . . . Grunt 74 | . 14 1 . . 14 3 . . 11 8 2 . 2 6 . 3 1 9 Brawler 2 | . . . . . 2 . . . . . . . . . . . . . Duelist 5 | . . . . . 3 . . . . . . . 1 1 . . . . Sentry 13 | . . . . . 3 1 . . 3 . 1 . . . . . 4 1 Specialist 6 | . . . . . . . . . 4 . . . . 2 . . . . Hunter 12 | . . . . . 5 3 . . . . . . . 1 . . 3 . Programmer 20 | . . . . . 1 . . . 4 . . . . 3 . . 9 3 Heavy 2 | . . . . . . . . . 1 . . . . 1 . . . . Cetus Guard 3 | . . . . . . . 3 . . . . . . . . . . . Tracker 4 | . . . . . . . . . . . . . . . . . 3 1 Combat Programmer 2 | . . . . . . . . . . . . . . . . . 2 . Artisan 1 | . . 1 . . . . . . . . . . . . . . . . Subdweller 12 | . . 12 . . . . . . . . . . . . . . . . Zionite 2 | . . 2 . . . . . . . . . . . . . . . . Wizard 1 | . . . . . . . . . . . . . . 1 . . . . Best Kill Streak 14 | . 6 6 . . 14 3 4 . 6 5 2 . 2 5 . 4 3 4 Combat Bots Only 6 | . 3 4 . . 5 3 3 . 6 5 2 . 2 4 . 4 2 3 Max Kills in Single Turn 3 | . 2 1 . . 2 2 2 . 1 1 1 . 1 3 . 1 1 2 Gunslinging 1 | . 1 . . . . . . . . . . . . . . . . . Exploded 1 | . 1 . . . . . . . . . . . . 1 . . 1 . Melee 1 | . . . . . . . . . . . . . . . . . 1 1 Uniques/NPCs Destroyed 1 | . . . . . . . . . . . . . . . . 1 . . A5 (-4/Lab) Combat | -11 -10 -10 -8 -8 -6 -6 -6 -6 -5 -5 -5 -5 -4 -4 -4 -4 -3 -3 -------- Run | Yrd Mat Sub Rec Scr Fac Ext Cet Arc Fac Upp Upp Zhi Pro Fac Arm Lab Res Qua Hostile Shots Fired 2210 | . 46 97 . . 492 157 21 . 252 34 13 . 36 192 14 101 586 169 Missed 605 | . 19 23 . . 140 77 12 . 60 10 3 . 13 59 5 22 124 38 Damage Taken 26104 | . 351 1011 . . 4217 667 129 1070 2578 363 153 . 516 2554 92 1298 9823 1282 Core 2318 | . 53 126 . . 363 61 30 108 136 30 . . 9 101 . 38 1009 254 Absorbed by Shields 2077 | . . . . . . 270 62 . 336 . . . . 139 36 109 . 1125 Reduced by Siege Mode 532 | . . . . . . . . . 185 . . . . 16 . 109 222 . Redirected to Shielding 155 | . . . . . . . . . . . . . 6 62 . 23 64 . Ignored by Resistances 7815 | . 107 246 . . 1249 276 51 270 802 98 43 . 142 830 38 390 2594 679 Regen/Repaired (Parts) 2401 | . . . . 309 18 . . . . . . . . 1073 . . 1001 . Core Remaining (%) 64 | 100 . . . 28 . . . 33 . . . . 82 . . 79 . . Volleys Fired 735 | . 39 110 . . 122 34 6 . 80 16 9 . 12 49 . 44 175 39 Largest 3 | . 2 2 . . 2 3 3 . 3 3 3 . 3 3 . 3 3 2 Hottest 249 | . 63 140 . . 119 192 192 . 249 171 171 . 205 205 . 240 245 131 Shots Fired 1436 | . 76 184 . . 230 87 8 . 175 48 27 . 35 125 . 90 290 61 Gun 948 | . 76 85 . . 135 58 1 . 140 32 19 . 19 51 . 87 233 12 Cannon 465 | . . 83 . . 94 29 2 . 35 16 8 . 16 74 . 3 56 49 Launcher 23 | . . 16 . . 1 . 5 . . . . . . . . . 1 . Special . | . . . . . . . . . . . . . . . . . . . Kinetic 703 | . 44 118 . . 67 29 1 . 26 32 19 . 23 85 . 52 146 61 Thermal 657 | . 32 66 . . 162 53 1 . 141 16 2 . 4 40 . 38 102 . Explosive 1 | . . . . . . . . . . . . . . . . . 1 . Electromagnetic 75 | . . . . . 1 5 6 . 8 . 6 . 8 . . . 41 . Robot Hit Streak 36 | . 24 17 . . 31 12 5 . 35 11 7 . 11 21 . 36 33 8 Robot Miss Streak 5 | . 2 2 . . 5 3 1 . 2 1 1 . 3 2 . 5 3 5 Penetration Max 2 | . . . . . 1 1 . . 1 1 1 . 1 2 . . 1 . Secondary Targets 15 | . 5 . . . 1 . . . 3 . . . . 1 . 1 4 . Max Gunslinging Chain 1 | . 1 . . . 1 . . . 1 . . . . 1 . 1 1 . Shots Hit Robots 1024 | . 58 80 . . 178 60 6 . 136 35 21 . 22 79 . 62 239 48 Core Hits 407 | . 38 34 1 . 74 25 3 . 46 16 6 . 5 36 . 20 84 19 Critical Kills 7 | . . 2 . . 2 . . . 3 . . . . . . . . . Critical Parts Destroyed 23 | . 1 1 . . 8 . . . 1 . 2 . . 1 . 1 4 4 Critical Strikes 56 | . 1 3 . . 19 2 . . 7 . 2 . 1 3 . 1 9 8 Burn 13 | . . . . . 9 1 . . 3 . . . . . . . . . Meltdown 5 | . . 1 . . 1 . . . 3 . . . . . . . . . Destroy 26 | . 1 2 . . 9 . . . 1 . 2 . . 1 . 1 9 . Blast 8 | . . . . . . 1 . . . . . . 1 2 . . . 4 Smash 4 | . . . . . . . . . . . . . . . . . . 4 Melee Attacks 31 | . . . . . . . . . . . . . . . . . 13 18 Impact 18 | . . . . . . . . . . . . . . . . . . 18 Slashing 13 | . . . . . . . . . . . . . . . . . 13 . Piercing . | . . . . . . . . . . . . . . . . . . . Sneak Attacks 2 | . . . . . . . . . . . . . . . . . . 2 Combat Hostiles . | . . . . . . . . . . . . . . . . . . . Follow-up Attacks . | . . . . . . . . . . . . . . . . . . . Damage Inflicted 30790 | . 1088 1638 4 . 5380 1546 514 . 4042 1171 688 . 787 3622 . 1537 6462 2311 Guns 15566 | . 780 737 . . 2136 808 19 . 2663 586 418 . 348 1146 . 1537 4200 188 Cannons 12125 | . . 857 . . 3148 705 27 . 1361 585 270 . 439 2076 . . 1490 1167 Explosions 1668 | . 302 44 . . 96 . 468 . . . . . . 400 . . 358 . Melee 1315 | . . . . . . . . . . . . . . . . . 363 952 Ramming 116 | . 6 . 4 . . 33 . . 18 . . . . . . . 51 4 Kinetic 11829 | . 449 894 . . 1424 661 27 . 492 586 418 . 513 1886 . 715 2409 1355 Thermal 15684 | . 331 744 . . 3860 714 19 . 3363 585 89 . 90 1736 . 822 3331 . Explosive 463 | . 302 . . . . . . . . . . . . . . . 161 . Electromagnetic 1383 | . . . . . 96 138 468 . 169 . 181 . 184 . . . 147 . Impact 952 | . . . . . . . . . . . . . . . . . . 952 Slashing 363 | . . . . . . . . . . . . . . . . . 363 . Piercing . | . . . . . . . . . . . . . . . . . . . Highest Corruption 72 | . . . . . . 3 41 41 24 28 28 28 54 9 9 14 63 72 Average Corruption 23 | . . . . . . 3 24 41 22 24 28 28 47 2 9 8 21 63 Corruption Purged . | . . . . . . . . . . . . . . . . . . . Corruption Blocked . | . . . . . . . . . . . . . . . . . . . Effects 440 | . . . . . . 25 19 13 79 30 36 18 29 13 . 27 78 73 Message Errors 106 | . . . . . . 5 3 2 21 9 10 8 9 4 . 3 19 13 Matter Fused 91 | . . . . . . 7 5 3 17 3 9 4 6 2 . 8 15 12 Heat Flow Errors 52 | . . . . . . 3 2 . 13 4 8 . 3 3 . 4 7 5 Energy Discharges 47 | . . . . . . 2 4 2 8 7 2 2 4 1 . 5 6 4 Parts Rejected 5 | . . . . . . 1 . . 1 . . . 1 . . . 2 . Parts Fused 4 | . . . . . . . . . 2 . . 1 . . . . 1 . Data Loss (minor) 42 | . . . . . . 5 2 2 2 4 2 3 4 1 . 1 8 8 Data Loss (major) 17 | . . . . . . 1 2 2 3 1 1 . . 2 . 1 2 2 Misfires 15 | . . . . . . . . . 3 1 2 . . . . 2 3 4 Alerts 8 | . . . . . . . 1 1 2 . . . . . . . 1 3 Misdirections 21 | . . . . . . . . 1 1 . . . . . . . 5 14 Weapon Failures 32 | . . . . . . 1 . . 6 1 2 . 2 . . 3 9 8 Overload Shots 12 | . . . . . . . . . . . . . . . . 3 9 . Effects 1 | . . . . . . . . . . . . . . . . . 1 . Energy Bleed 1 | . . . . . . . . . . . . . . . . . 1 . Overflow Damage 771 | . 56 . . . 104 16 19 . 45 . . . . 61 . . 52 418 Projectiles 354 | . . . . . 104 16 . . 45 . . . . 61 . . 52 76 Explosions 75 | . 56 . . . . . 19 . . . . . . . . . . . Melee 342 | . . . . . . . . . . . . . . . . . . 342 Knockbacks 46 | . . 2 . . 14 1 . . . . . . 1 7 . . 1 20 Impact 7 | . . . . . . . . . . . . . . . . . 1 6 Kinetic 38 | . . 2 . . 14 1 . . . . . . 1 7 . . . 13 Secondary 1 | . . . . . . . . . . . . . . . . . . 1 Self-Inflicted Damage 154 | . 120 16 . . 3 . 7 . . . . . . . . . 6 2 Shots 6 | . 2 1 . . 1 . 1 . . . . . . . . . 1 . Rammed 11 | . . . 2 . . . . . 1 . . . . . . . 7 1 Targets Rammed 17 | . 1 . 2 . . 5 . . 1 . . . . . . . 7 1 Kicked 6 | . 1 . . . . 5 . . . . . . . . . . . . Crushed . | . . . . . . . . . . . . . . . . . . . Highest Temperature 756 | . 15 288 . . 321 202 144 . 434 231 202 . 174 399 . 225 756 211 Average Temperature 103 | . 8 51 . . 121 56 67 . 130 75 46 . 38 87 . 96 244 105 Received Heat Transfer 4796 | . 150 282 . . 1224 175 . . 1072 237 90 . 141 706 29 286 240 164 Effects 19 | . . . . . 2 . . . 5 . . . . 3 . . 9 . Shutdowns 4 | . . . . . . . . . 1 . . . . 3 . . . . Energy Bleed 2 | . . . . . 1 . . . . . . . . . . . 1 . Interference 5 | . . . . . . . . . 3 . . . . . . . 2 . Short Circuit 2 | . . . . . 1 . . . 1 . . . . . . . . . Damage (minor) 1 | . . . . . . . . . . . . . . . . . 1 . Damage (major) 4 | . . . . . . . . . . . . . . . . . 4 . Damage (core) 1 | . . . . . . . . . . . . . . . . . 1 . Siege Activations 8 | . . . . . . . . . 4 . . . 1 1 . 1 1 . Total Turns 240 | . . . . . . . . . 106 . . . 5 14 . 82 33 . Longest Duration 82 | . . . . . . . . . 50 . . . 5 14 . 82 33 . Robots Corrupted 12 | . . . . . . . 4 . . . 1 . 1 . . . . 6 Combat Hostiles 11 | . . . . . . . 3 . . . 1 . 1 . . . . 6 Parts Fried 16 | . . . . . . 4 4 . . . . . 2 . . . . 6 Impact Corruptions 9 | . . . . . . . . . . . . . . . . . . 9 Robots Melted 13 | . . 1 . . 3 1 . . 8 . . . . . . . . . Combat Hostiles 11 | . . 1 . . 2 1 . . 7 . . . . . . . . . Parts Melted 48 | . . 3 . . 14 4 . . 20 . . . . 4 . . 3 . Heat Transferred 18461 | . 700 966 . . 4477 1443 37 . 4904 481 74 . 74 1178 . 926 3201 . Parts Sabotaged . | . . . . . . . . . . . . . . . . . . . Parts Stolen . | . . . . . . . . . . . . . . . . . . . Parts Stripped . | . . . . . . . . . . . . . . . . . . . Power Chain Reactions 1 | . . . . . . . . . . . . . . . . . 1 . Alert | -11 -10 -10 -8 -8 -6 -6 -6 -6 -5 -5 -5 -5 -4 -4 -4 -4 -3 -3 ------- Run | Yrd Mat Sub Rec Scr Fac Ext Cet Arc Fac Upp Upp Zhi Pro Fac Arm Lab Res Qua Peak Influence 633 | . 215 . 24 . 618 633 249 513 356 . . . . 579 244 . 482 296 Initial 244 | . . . . . . 231 165 16 123 . . . . 95 244 . . 159 Average 241 | . 116 . 20 . 373 359 192 309 126 . . . . 262 244 . 270 169 Maximum Alert Level 2 | . 1 . . . 2 2 1 2 1 . . . . 2 1 . 2 1 Low Security (%) 40 | 100 72 . 100 . 5 4 32 26 86 . . . . 42 . . 22 65 Level 1 41 | . 27 . . . 45 60 67 5 13 . . . . 29 100 . 66 34 Level 2 18 | . . . . . 48 34 . 67 . . . . . 27 . . 11 . Level 3 . | . . . . . . . . . . . . . . . . . . . Level 4 . | . . . . . . . . . . . . . . . . . . . Level 5 . | . . . . . . . . . . . . . . . . . . . High Security . | . . . . . . . . . . . . . . . . . . . Max Security . | . . . . . . . . . . . . . . . . . . . Squads Dispatched 60 | . 4 . . . 9 7 . . 6 . . . . 8 . . 20 6 Investigation 13 | . 4 . . . 3 4 . . . . . . . 2 . . . . Extermination 12 | . . . . . 1 . . . 2 . . . . 2 . . 5 2 Reinforcement 18 | . . . . . 3 3 . . 4 . . . . 3 . . 3 2 Assault 3 | . . . . . 2 . . . . . . . . 1 . . . . Garrison 7 | . . . . . . . . . . . . . . . . . 7 . Intercept 7 | . . . . . . . . . . . . . . . . . 5 2 Searches Triggered . | . . . . . . . . . . . . . . . . . . . Construction Impeded 5 | . . . . . 2 2 . . . . . . . . . . 1 . Haulers Reinforced 2 | . . . . . 1 . . . . . . . . 1 . . . . Active Scanning Responses . | . . . . . . . . . . . . . . . . . . . Cargo Convoy Interrupts . | . . . . . . . . . . . . . . . . . . . Stealth | -11 -10 -10 -8 -8 -6 -6 -6 -6 -5 -5 -5 -5 -4 -4 -4 -4 -3 -3 --------- Run | Yrd Mat Sub Rec Scr Fac Ext Cet Arc Fac Upp Upp Zhi Pro Fac Arm Lab Res Qua Distress Signals 11 | . 1 . . . 3 3 1 . 2 . . . . . . . . 1 Communications Jammed 34 | . . . . . . . . . . . . . . 34 . . . . Distress Signals 34 | . . . . . . . . . . . . . . 34 . . . . Times Spotted 346 | . 28 29 . . 61 36 5 10 31 8 6 . 12 34 6 4 47 29 Peak Tracking Total 13 | . 5 6 . . 8 4 5 13 6 4 4 . 4 6 6 4 6 6 Tactical Retreats 18 | . 2 3 . . 6 . . . 1 . . . . 1 . . 3 2 Traps | -11 -10 -10 -8 -8 -6 -6 -6 -6 -5 -5 -5 -5 -4 -4 -4 -4 -3 -3 ------- Run | Yrd Mat Sub Rec Scr Fac Ext Cet Arc Fac Upp Upp Zhi Pro Fac Arm Lab Res Qua Traps Triggered 11 | . 3 5 . . . 1 . . . . . . . . 1 . . 1 Indirectly . | . . . . . . . . . . . . . . . . . . . Trap Hack Attempts . | . . . . . . . . . . . . . . . . . . . Triggered . | . . . . . . . . . . . . . . . . . . . Disarmed 6 | . 6 . . . . . . . . . . . . . . . . . Reprogrammed . | . . . . . . . . . . . . . . . . . . . Reused . | . . . . . . . . . . . . . . . . . . . Traps Extracted . | . . . . . . . . . . . . . . . . . . . Installed . | . . . . . . . . . . . . . . . . . . . Triggered 4 | . . . . . . 1 . . . . 1 . 1 1 . . . . Machines | -11 -10 -10 -8 -8 -6 -6 -6 -6 -5 -5 -5 -5 -4 -4 -4 -4 -3 -3 ---------- Run | Yrd Mat Sub Rec Scr Fac Ext Cet Arc Fac Upp Upp Zhi Pro Fac Arm Lab Res Qua Machines Disabled 34 | . 2 3 . . 5 4 . . 1 . . . . 9 . 7 3 . Max in Single Turn 4 | . 1 1 . . 1 1 . . 1 . . . . 4 . 1 1 . Garrison Access 4 | . . . . . 2 . . . 1 . . . . 1 . . . . Machines Repaired . | . . . . . . . . . . . . . . . . . . . Machines Dismantled . | . . . . . . . . . . . . . . . . . . . Machines Sabotaged . | . . . . . . . . . . . . . . . . . . . Overloaded Fab Kills . | . . . . . . . . . . . . . . . . . . . Hacking | -11 -10 -10 -8 -8 -6 -6 -6 -6 -5 -5 -5 -5 -4 -4 -4 -4 -3 -3 --------- Run | Yrd Mat Sub Rec Scr Fac Ext Cet Arc Fac Upp Upp Zhi Pro Fac Arm Lab Res Qua Machines Accessed 58 | . 10 2 . 3 8 8 . 1 5 . 2 1 . 3 . 2 3 10 Terminals 28 | . 8 . . . 2 6 . . 3 . . . . . . . 2 7 Fabricators 4 | . . . . . 1 . . . 1 . . . . 1 . . 1 . Repair Stations 3 | . . . . . 1 . . . . . . . . 1 . . . 1 Recycling Units 5 | . 2 . . . . 2 . . . . . . . 1 . . . . Scanalyzers 4 | . . . . . 2 . . . . . . . . . . . . 2 Garrison Access 3 | . . . . . 2 . . . 1 . . . . . . . . . Total Hacks 228 | . 23 5 . 29 33 21 . 25 27 . 5 4 . 11 . 5 4 36 Successful 161 | . 17 5 . 29 23 7 . 25 12 . 5 4 . 7 . 5 2 20 Failed 67 | . 6 . . . 10 14 . . 15 . . . . 4 . . 2 16 Catastrophic 8 | . 1 . . . . 2 . . 1 . . . . . . . 1 3 Database Lockouts . | . . . . . . . . . . . . . . . . . . . Manual 50 | . 16 . . . 6 4 1 . 12 . . . . 3 . 1 1 6 Terminals 87 | . 19 . . . 4 19 . . 19 . . . . . . . 3 23 Fabricators 10 | . . . . . 2 . . . 5 . . . . 2 . . 1 . Repair Stations 11 | . . . . . 2 . . . . . . . . 8 . . . 1 Recycling Units 7 | . 4 . . . . 2 . . . . . . . 1 . . . . Scanalyzers 31 | . . . . . 19 . . . . . . . . . . . . 12 Garrison Access 9 | . . . . . 6 . . . 3 . . . . . . . . . Terminal Hacks 105 | . 9 5 . 29 . 5 . 25 7 . 5 4 . . . 5 1 10 Record 63 | . . 4 . 22 . . . 25 . . 4 . . . . 5 . 3 Robot Analysis 15 | . 4 . . 7 . . . . . . . 4 . . . . . . Prototype ID Bank 5 | . 2 . . . . 1 . . 1 . . . . . . . . 1 Open Door 4 | . . . . . . 3 . . . . 1 . . . . . . . Branch Access Points 3 | . . . . . . . . . 1 . . . . . . . 1 1 Terminal Index 3 | . 1 . . . . . . . 1 . . . . . . . . 1 Repair Station Index 1 | . . . . . . . . . 1 . . . . . . . . . Recycling Unit Index 1 | . . . . . . . . . . . . . . . . . . 1 Unreport Threat 1 | . . . . . . 1 . . . . . . . . . . . . Locate Traps 1 | . . . . . . . . . 1 . . . . . . . . . Disarm Traps 1 | . 1 . . . . . . . . . . . . . . . . . Registered Components 2 | . . . . . . . . . 1 . . . . . . . . 1 Registered Prototypes 1 | . . . . . . . . . 1 . . . . . . . . . Zone Layout 3 | . 1 . . . . . . . . . . . . . . . . 2 Derelict Proto ID Bank 1 | . . 1 . . . . . . . . . . . . . . . . Fabricator Hacks 4 | . . . . . 2 . . . 1 . . . . . . . 1 . Network Status 1 | . . . . . . . . . . . . . . . . . 1 . Load Schematic 1 | . . . . . 1 . . . . . . . . . . . . . Build 2 | . . . . . 1 . . . 1 . . . . . . . . . Repair Station Hacks 7 | . . . . . 2 . . . . . . . . 5 . . . . Scan Component 4 | . . . . . 1 . . . . . . . . 3 . . . . Repair 3 | . . . . . 1 . . . . . . . . 2 . . . . Recycling Unit Hacks 1 | . 1 . . . . . . . . . . . . . . . . . Retrieve Components 1 | . 1 . . . . . . . . . . . . . . . . . Scanalyzer 24 | . . . . . 14 . . . . . . . . . . . . 10 Insert Component 10 | . . . . . 5 . . . . . . . . . . . . 5 Analyze 14 | . . . . . 9 . . . . . . . . . . . . 5 Garrison Access Hacks 2 | . . . . . 1 . . . 1 . . . . . . . . . Seal Access 2 | . . . . . 1 . . . 1 . . . . . . . . . Unauthorized Hacks 18 | . 7 . . . 4 2 . . 3 . . . . 2 . . . . Terminals 10 | . 5 . . . 2 . . . 3 . . . . . . . . . Assimilate 1 | . . . . . . . . . 1 . . . . . . . . . Botnet 4 | . . . . . 2 . . . 2 . . . . . . . . . Skim 5 | . 5 . . . . . . . . . . . . . . . . . Fabricators 1 | . . . . . . . . . . . . . . 1 . . . . Recompile 1 | . . . . . . . . . . . . . . 1 . . . . Repair Stations 3 | . . . . . . 2 . . . . . . . 1 . . . . Recycling Units 2 | . 2 . . . . . . . . . . . . . . . . . Tunnel 2 | . 2 . . . . . . . . . . . . . . . . . Scrapoids 3 | . . . . . . 2 . . . . . . . 1 . . . . Scanalyzers 1 | . . . . . 1 . . . . . . . . . . . . . Extract 1 | . . . . . 1 . . . . . . . . . . . . . Garrison Access 1 | . . . . . 1 . . . . . . . . . . . . . Jam 1 | . . . . . 1 . . . . . . . . . . . . . Data Cores Recovered 1 | . . . . . . . . . 1 . . . . . . . . . Used . | . . . . . . . . . . . . . . . . . . . Hacking Detections 34 | . 7 . . . 7 5 1 . 3 . . . . 1 . . 3 7 Full Trace Events 2 | . . . . . 1 1 . . . . . . . . . . . . Feedback Events . | . . . . . . . . . . . . . . . . . . . Feedback Blocked . | . . . . . . . . . . . . . . . . . . . Robot Schematics Acquired . | . . . . . . . . . . . . . . . . . . . Robots Built . | . . . . . . . . . . . . . . . . . . . Authchips . | . . . . . . . . . . . . . . . . . . . Time . | . . . . . . . . . . . . . . . . . . . Total Robot Build Rating . | . . . . . . . . . . . . . . . . . . . Part Schematics Acquired 21 | . . . . . 13 . . . . . . . . . . . . 8 Parts Built 2 | . . . . . . . . . 2 . . . . . . . . . Authchips . | . . . . . . . . . . . . . . . . . . . Time 109 | . . . . . 51 . . . 58 . . . . . . . . . Total Part Build Rating 14 | . . . . . . . . . 14 . . . . . . . . . Parts Repaired 3 | . . . . . 1 . . . . . . . . 2 . . . . Time 197 | . . . . . 35 . . . . . . . . 162 . . . . Parts Recycled . | . . . . . . . . . . . . . . . . . . . Recycled Matter . | . . . . . . . . . . . . . . . . . . . Retrieved Matter . | . . . . . . . . . . . . . . . . . . . Retrieved Components 2 | . 2 . . . . . . . . . . . . . . . . . Parts Scanalyzed 10 | . . . . . 5 . . . . . . . . . . . . 5 Part Schematics Acquired 10 | . . . . . 5 . . . . . . . . . . . . 5 Parts Damaged 3 | . . . . . 1 . . . . . . . . . . . . 2 Bothacking | -11 -10 -10 -8 -8 -6 -6 -6 -6 -5 -5 -5 -5 -4 -4 -4 -4 -3 -3 ------------ Run | Yrd Mat Sub Rec Scr Fac Ext Cet Arc Fac Upp Upp Zhi Pro Fac Arm Lab Res Qua Used RIF Installer . | . . . . . . . . . . . . . . . . . . . Robots Hacked . | . . . . . . . . . . . . . . . . . . . Non-combat . | . . . . . . . . . . . . . . . . . . . Combat . | . . . . . . . . . . . . . . . . . . . Robot Hacks Applied . | . . . . . . . . . . . . . . . . . . . Relay Couplers Released 3 | . . . . . 2 . . . . . . . . 1 . . . . Machine Destruction 3 | . . . . . 2 . . . . . . . . 1 . . . . Fabnet Peak Effective % . | . . . . . . . . . . . . . . . . . . . Robots Rewired 6 | . . . . . . 6 . . . . . . . . . . . . Allies Hacked . | . . . . . . . . . . . . . . . . . . . Hacks Repelled . | . . . . . . . . . . . . . . . . . . . Allies | -11 -10 -10 -8 -8 -6 -6 -6 -6 -5 -5 -5 -5 -4 -4 -4 -4 -3 -3 -------- Run | Yrd Mat Sub Rec Scr Fac Ext Cet Arc Fac Upp Upp Zhi Pro Fac Arm Lab Res Qua Total Allies 89 | . . 9 . . . 20 5 . . . 5 . 7 16 . . 27 . Largest Group 14 | . . 7 7 7 7 9 13 6 . . 4 4 5 7 1 . 14 12 Highest-Rated Group 880 | . . 133 133 133 133 425 880 505 . . 324 306 371 391 43 . 324 168 Highest-Rated Ally 159 | . . 19 19 19 19 159 159 96 . . 81 81 81 81 43 . 81 15 Total Orders 1 | . . . . . . . 1 . . . . . . . . . . . STAY 1 | . . . . . . . 1 . . . . . . . . . . . Ally Attacks 849 | . . 22 1 . 40 259 5 44 . . 15 . 49 179 1 . 181 53 Total Damage 21351 | . . 291 25 . 607 5191 170 2532 . . 500 . 1921 5564 19 . 3641 890 Kills 138 | . . 3 1 . 3 37 1 20 . . 7 . 12 27 . . 24 3 Allies Corrupted . | . . . . . . . . . . . . . . . . . . . Allies Melted 2 | . . . . . 1 . . 1 . . . . . . . . . . Intel | -11 -10 -10 -8 -8 -6 -6 -6 -6 -5 -5 -5 -5 -4 -4 -4 -4 -3 -3 ------- Run | Yrd Mat Sub Rec Scr Fac Ext Cet Arc Fac Upp Upp Zhi Pro Fac Arm Lab Res Qua Robot Analysis Total 15 | . 4 . . 7 . . . . . . . 4 . . . . . . Derelict Logs Recovered 5 | . . 2 . 1 . . . . . 1 1 . . . . . . . Drone Launches . | . . . . . . . . . . . . . . . . . . . Drone Recoveries . | . . . . . . . . . . . . . . . . . . . Exploration | -11 -10 -10 -8 -8 -6 -6 -6 -6 -5 -5 -5 -5 -4 -4 -4 -4 -3 -3 ------------- Run | Yrd Mat Sub Rec Scr Fac Ext Cet Arc Fac Upp Upp Zhi Pro Fac Arm Lab Res Qua Turns Passed 21896 | 1 1465 5384 254 1667 1573 1613 532 251 1511 592 715 404 506 1534 7 1036 1923 928 Spaces Moved 10459 | 1 725 2427 130 1125 678 934 118 133 599 341 403 230 227 677 4 321 766 620 Core 47 | . . . . . . . . . . . . . . . . . 44 3 Treads 6423 | . 30 2427 130 390 . . . . 599 341 403 230 227 677 4 321 644 . Legs 3294 | 1 695 . . 735 678 934 118 133 . . . . . . . . . . Wheels . | . . . . . . . . . . . . . . . . . . . Hover 695 | . . . . . . . . . . . . . . . . . 78 617 Flight . | . . . . . . . . . . . . . . . . . . . Fastest Speed 50 | 120 120 160 160 125 120 120 120 190 160 160 160 160 160 160 160 160 50 98 Average Speed 164 | 120 179 207 160 137 159 130 171 190 160 160 160 160 160 160 160 160 160 103 Slowest Speed 1300 | 120 190 320 160 190 196 190 190 190 160 160 160 160 160 160 160 160 300 1300 Overloaded Moves . | . . . . . . . . . . . . . . . . . . . Propulsion Burnouts . | . . . . . . . . . . . . . . . . . . . Robots Hopped . | . . . . . . . . . . . . . . . . . . . Cave-ins Triggered 1 | . . . . . . . . . . . . . . 1 . . . . Teleports 2 | . . . . . . . . . . . . . . . 1 . 1 . Exploration Rate (%) 52 | 2 90 97 36 81 18 85 48 98 16 64 53 60 53 16 1 99 19 58 Regions Visited 18 Branch Regions 13 Pre-discovered Areas 6 | . 2 1 . 3 . . . . . . . . . . . . . . Known Exits Taken 12 | . . . 1 . 1 1 1 1 1 1 1 . 1 1 . 1 1 . Unknown Exits Taken 6 | 1 1 1 . 1 . . . . . . . 1 . . 1 . . . Scrap Searched 29 | . . 21 . 2 . . . . . 2 3 . 1 . . . . . Spaces Dug 62 | . . 13 . . 1 . . . 5 . . . . 37 . 1 1 4 Terrain Destroyed 395 | . 39 190 . . 10 4 . . 10 7 3 . 7 63 . 3 42 17 Melee 1 | . . . . . . . . . . . . . . . . . . 1 Projectile 131 | . . 12 . . 10 4 . . 10 7 3 . 7 40 . 3 19 16 AOE 259 | . 39 178 . . . . . . . . . . . 23 . . 19 . Terrain Rammed . | . . . . . . . . . . . . . . . . . . . Walls Destroyed . | . . . . . . . . . . . . . . . . . . . Machines Disabled . | . . . . . . . . . . . . . . . . . . . Actions | -11 -10 -10 -8 -8 -6 -6 -6 -6 -5 -5 -5 -5 -4 -4 -4 -4 -3 -3 --------- Run | Yrd Mat Sub Rec Scr Fac Ext Cet Arc Fac Upp Upp Zhi Pro Fac Arm Lab Res Qua Total 13864 | 2 825 2601 174 1252 946 1270 447 132 1008 360 458 267 345 1025 4 771 1165 812 Wait 1855 | . 2 22 42 105 64 183 279 . 256 . 29 6 88 253 . 348 84 94 Move 10441 | . 724 2426 129 1124 677 933 117 132 598 340 402 229 226 676 3 320 765 620 Hop . | . . . . . . . . . . . . . . . . . . . Pick Up 151 | . 20 9 . 9 22 19 14 . 14 2 1 3 2 13 . 13 8 2 Fast Attach 170 | . 6 6 . 3 14 15 2 . 13 . 6 12 5 10 . 14 44 20 Attach 72 | . 2 4 . . 22 . 5 . 9 1 . 1 . 5 . 4 19 . Detach 23 | . 1 3 . . 1 1 1 . 2 . . 1 . 2 . 3 7 1 Swap 95 | . 9 9 1 . 11 14 4 . 15 . 3 1 3 9 1 4 10 1 Drop 240 | 2 21 12 . 11 13 32 19 . 20 1 8 14 9 8 . 21 33 16 Fire 735 | . 39 110 . . 122 34 6 . 80 16 9 . 12 49 . 44 175 39 Melee 31 | . . . . . . . . . . . . . . . . . 13 18 Ram 1 | . . . . . . . . . . . . . . . . . . 1 Kick 6 | . 1 . . . . 5 . . . . . . . . . . . . Crush 10 | . . . 2 . . . . . 1 . . . . . . . 7 . Escape Stasis 10 | . . . . . . 10 . . . . . . . . . . . . Rewire 24 | . . . . . . 24 . . . . . . . . . . . . Trap . | . . . . . . . . . . . . . . . . . . . Miscellaneous . | . . . . . . . . . . . . . . . . . . . Route ------- -11/Scrapyard -10/Materials (discovered 6 exits: *Mat x3 / [*Min x2] / *Sub) -10/Subcaves (discovered 3 exits: *Mat x2 / [*Rec]) -8/Recycling (discovered 2 exits: *Fac / *Scr) -8/Scraptown (discovered 2 exits: *Fac x2) -6/Factory (discovered 5 exits: *Fac x3 / *Ext x2) -6/Extension (discovered 3 exits: *Fac x2 / *Cet) -6/Cetus -6/Archives (discovered 3 exits: *Fac / *Hub x2) -5/Factory (discovered 3 exits: *Fac / *Upp x2) -5/Upper Caves -5/Upper Caves (discovered 2 exits: *Fac / *Zhi) -5/Zhirov -4/Proximity Caves -4/Factory (discovered 4 exits: *Res x3 / *Arm) -4/Armory -4/Lab -3/Research (discovered 2 exits: *Qua x2) -3/Quarantine History --------- Turn | Location | Event 2 | -11/Scrapyard | Discovered new exit (range 0) 2 | -11/Scrapyard | Entered Materials 86 | -10/Materials | Discovered new exit (range 10) 201 | -10/Materials | Discovered new exit (range 16) 309 | -10/Materials | Build established: Mutant 389 | -10/Materials | Discovered new exit (range 16) 702 | -10/Materials | Identified exit to Materials 836 | -10/Materials | Learned location of 2 exits from Materials 890 | -10/Materials | Learned location of 3 exits from Materials 985 | -10/Materials | Learned 2 Storage zone layouts 1018 | -10/Materials | Learned location of 1 exit from Recycling 1116 | -10/Materials | Learned location of 2 exits from Materials 1448 | -10/Materials | Discovered new exit (range 9) 1467 | -10/Materials | Entered Subcaves 1468 | -10/Subcaves | Identified exit to Materials 1592 | -10/Subcaves | Shifting Twisted Machinery released Slug Cannon 1603 | -10/Subcaves | Shifting Twisted Machinery released Sub. Beam Cannon 2049 | -10/Subcaves | Learned location of Zion (-7) 2049 | -10/Subcaves | Met a Zionite searching for "candidates" 2252 | -10/Subcaves | Discovered new exit (range 15) 2532 | -10/Subcaves | A swath of the cavern ceiling suddenly collapsed 3183 | -10/Subcaves | A Subdweller sparked back to life 3183 | -10/Subcaves | A Subdweller sparked back to life 3187 | -10/Subcaves | Core integrity fell below 50% 3774 | -10/Subcaves | Disturbed a concealed Subdweller 3928 | -10/Subcaves | Shifting Twisted Machinery released Sub. Machine Gun 3930 | -10/Subcaves | Shifting Twisted Machinery released Sub. Machine Gun 4208 | -10/Subcaves | Visited Clippyterm 4215 | -10/Subcaves | Learned Research security intel 4215 | -10/Subcaves | Learned Factory stockpile data 4465 | -10/Subcaves | Visited triangular shrine 4471 | -10/Subcaves | Learned Materials terminal intel 4476 | -10/Subcaves | Found Prototype Device 4476 | -10/Subcaves | Identified V3-11A's Pendant 4481 | -10/Subcaves | Befriended Subdweller 4585 | -10/Subcaves | Shifting Twisted Machinery released Sub. Shrapnel Launcher 4586 | -10/Subcaves | Shifting Twisted Machinery released Battle Cannon 4776 | -10/Subcaves | Learned Materials stockpile data 4806 | -10/Subcaves | Disturbed a concealed Subdweller 4806 | -10/Subcaves | Befriended Subdweller 4846 | -10/Subcaves | Befriended Subdweller 4846 | -10/Subcaves | Befriended Subdweller 5379 | -10/Subcaves | Ambushed by angry Subdweller bent on revenge 5381 | -10/Subcaves | Befriended Subdweller 5911 | -10/Subcaves | Befriended Subdweller 5951 | -10/Subcaves | Befriended Subdweller 6201 | -10/Subcaves | Befriended Subdweller 6419 | -10/Subcaves | Visited 4L-MR0's lab 6443 | -10/Subcaves | Found Prototype Energy Cannon 6449 | -10/Subcaves | Identified Powered Cannon 6508 | -10/Subcaves | Disturbed a concealed Subdweller 6511 | -10/Subcaves | Befriended Subdweller 6576 | -10/Subcaves | A swath of the cavern ceiling suddenly collapsed 6851 | -10/Subcaves | Entered Recycling 6851 | -8/Recycling | Accompanied by 7 allies 6852 | -8/Recycling | Identified exit to Scraptown 6984 | -8/Recycling | Discovered new exit (range 8) 7023 | -8/Recycling | Scanned before Scraplab entrance 7061 | -8/Recycling | Entered Scraplab 7105 | -8/Recycling | Entered Scraptown 7105 | -8/Scraptown | Accompanied by 7 allies 7251 | -8/Scraptown | Scanned Subdweller tech in exchange for log data 7257 | -8/Scraptown | Learned Research security intel 7311 | -8/Scraptown | Discovered new exit (range 5) 7601 | -8/Scraptown | Delivered V3-11A's Pendant to T0-NE2 in exchange for information 7908 | -8/Scraptown | Visited Awakened 7945 | -8/Scraptown | Visited CR-KLE's Repair Center 7953 | -8/Scraptown | CR-KLE repaired 6 parts 7976 | -8/Scraptown | Visited Assassins FH 8005 | -8/Scraptown | Visited CPS Storage 8020 | -8/Scraptown | Visited Shadow of the Wyrm 8043 | -8/Scraptown | Visited UFD Registry 8043 | -8/Scraptown | Registered with UFD as "Bladesourcer" 8081 | -8/Scraptown | Visited Junk Repository 8124 | -8/Scraptown | Visited Scrapoid Pod Storage 8141 | -8/Scraptown | Visited Analyses Database 8279 | -8/Scraptown | Visited Botcube Research 8287 | -8/Scraptown | Found Botcube 8306 | -8/Scraptown | Visited Derelict Rescue Squad 8323 | -8/Scraptown | Visited Science Testing Area 8335 | -8/Scraptown | Visited Cartography Club 8489 | -8/Scraptown | Learned location of Proximity Caves (-3) 8489 | -8/Scraptown | Learned location of Extension (-6) 8489 | -8/Scraptown | Learned 16 Factory zone layouts 8489 | -8/Scraptown | Learned 20 Factory zone layouts 8489 | -8/Scraptown | Learned 8 Lower Caves zone layouts 8489 | -8/Scraptown | Learned 8 Research zone layouts 8489 | -8/Scraptown | Learned 16 Lower Caves zone layouts 8489 | -8/Scraptown | Learned 8 Upper Caves zone layouts 8489 | -8/Scraptown | Learned 24 Upper Caves zone layouts 8489 | -8/Scraptown | Learned 20 Proximity Caves zone layouts 8489 | -8/Scraptown | Learned 24 Proximity Caves zone layouts 8489 | -8/Scraptown | Learned 4 Hub_04(d) zone layouts 8489 | -8/Scraptown | Learned Factory emergency access door positions 8489 | -8/Scraptown | Learned location of 2 exits from Lower Caves 8489 | -8/Scraptown | Learned location of 2 exits from Upper Caves 8593 | -8/Scraptown | Visited Infowarlord's Domain 8602 | -8/Scraptown | Found Exp. Sensor Array 8637 | -8/Scraptown | Visited Abandonware Association 8649 | -8/Scraptown | Learned abandonware demo "MELTYB.EXE" 8679 | -8/Scraptown | Visited Curators Association 8758 | -8/Scraptown | Discovered new exit (range 3) 8772 | -8/Scraptown | Entered Factory 8772 | -6/Factory | Accompanied by 7 allies 8772 | -6/Factory | Evolved 8 slots: Propulsion x1, Utility x6, Weapon x1 8773 | -6/Factory | Identified exit to Factory 8773 | -6/Factory | Identified exit to Extension 8775 | -6/Factory | Attached Powered Cannon, gained temporary slot: Power 8853 | -6/Factory | Lost 5 allies 9086 | -6/Factory | Build established: Hacker-Tank 9817 | -6/Factory | Lost 8 parts (1p2n3u2w) 9822 | -6/Factory | First assault squad dispatched 10063 | -6/Factory | Lost 17 parts (3p4n8u2w) 10164 | -6/Factory | Repaired Broken Flexi-carbon Leg 10286 | -6/Factory | Spotted B-75 Beast 10331 | -6/Factory | Build established: Scavenger-Skirmisher 10345 | -6/Factory | Entered Extension 10497 | -6/Extension | Scrapoid reinforcements arrived 10512 | -6/Extension | Rescued A7 10954 | -6/Extension | Build established: Scavenger-Tank 11196 | -6/Extension | Disrupted transfer network 11327 | -6/Extension | Spotted B-75 Beast 11336 | -6/Extension | Allies destroyed B-75 Beast 11345 | -6/Extension | Spotted B-75 Beast 11349 | -6/Extension | Allies destroyed B-75 Beast 11383 | -6/Extension | Lost 3 allies 11410 | -6/Extension | Found Scrap Suit 11448 | -6/Extension | Botcube activated 11470 | -6/Extension | Botcube completed mutation into treaded form, armed with 1 gun, 1 cannon. 11565 | -6/Extension | Discovered exit to Factory (range 4) 11654 | -6/Extension | Scrapoids reinforcements arrived? 11752 | -6/Extension | Rescued a captive Derelict 11753 | -6/Extension | Rescued a captive Derelict 11921 | -6/Extension | Discovered exit to Factory (range 10) 11926 | -6/Extension | Discovered new exit (range 6) 11951 | -6/Extension | Identified exit to Cetus 11958 | -6/Extension | Entered Cetus 11958 | -6/Cetus | Accompanied by 9 allies (A7) 11963 | -6/Cetus | Acquired a Cetus Manufacturing Module code from A7 11983 | -6/Cetus | Spotted Cetus Guard 11983 | -6/Cetus | Spotted Cetus Guard 11985 | -6/Cetus | Spotted Cetus Guard 11986 | -6/Cetus | Spotted Cetus Guard 11989 | -6/Cetus | Core integrity fell below 50% 11991 | -6/Cetus | Allies destroyed Cetus Guard 11997 | -6/Cetus | Destroyed Cetus Guard 11998 | -6/Cetus | Destroyed Cetus Guard 12001 | -6/Cetus | Destroyed Cetus Guard 12152 | -6/Cetus | System corruption reached 10% 12189 | -6/Cetus | System corruption reached 30% 12263 | -6/Cetus | Started Cetus Manufacturing Module 12288 | -6/Cetus | Manufactured an Enhanced Grunt 12313 | -6/Cetus | Manufactured an Enhanced Grunt 12338 | -6/Cetus | Manufactured an Enhanced Grunt 12363 | -6/Cetus | Manufactured an Enhanced Grunt 12388 | -6/Cetus | Manufactured an Enhanced Grunt 12454 | -6/Cetus | Discovered new exit (range 15) 12483 | -6/Cetus | Identified exit to Archives 12490 | -6/Cetus | Entered Archives 12490 | -6/Archives | Accompanied by 7 allies (A7) 12511 | -6/Archives | Met Zhirov 12517 | -6/Archives | Reinforcements dispatched to Archives 12530 | -6/Archives | Unable to access archive contents 12562 | -6/Archives | Reinforcements dispatched to Archives 12563 | -6/Archives | Read partially decrypted archive contents 12564 | -6/Archives | Zhirov warped through subspace 12566 | -6/Archives | Discovered new exit (range 15) 12582 | -6/Archives | Zhirov detonated Archives 12613 | -6/Archives | Lost 5 parts (1n1u3w) 12613 | -6/Archives | Lost 6 allies 12644 | -6/Archives | Discovered new exit (range 13) 12665 | -6/Archives | Identified exit to Hub_04(d) 12720 | -6/Archives | Discovered exit to Factory (range 12) 12741 | -6/Archives | Entered Factory 12741 | -5/Factory | Evolved 2 slots: Power x1, Propulsion x1 12742 | -5/Factory | Identified exit to Upper Caves 12744 | -5/Factory | System corruption reached 10% 13142 | -5/Factory | Build established: Scavenger-Skirmisher 13228 | -5/Factory | Fabricated Matter Neutralizer (x2) 13383 | -5/Factory | Lost 4 parts (1p2u1w) 13886 | -5/Factory | Build established: Scavenger-Tank 14130 | -5/Factory | Discovered new exit (range 15) 14252 | -5/Factory | Entered Upper Caves 14253 | -5/Upper Caves | Identified exit to Upper Caves 14377 | -5/Upper Caves | Build established: Scavenger-Gunner 14844 | -5/Upper Caves | Entered another Upper Caves area 14845 | -5/Upper Caves | Identified exit to Zhirov 14846 | -5/Upper Caves | Attracted the attention of an 0b10 checkpoint 14846 | -5/Upper Caves | Identified exit to Factory 14896 | -5/Upper Caves | Prototype Device suddenly appears! 14938 | -5/Upper Caves | Found Prototype Device 14938 | -5/Upper Caves | Identified Amulet of Y3-NDR 14952 | -5/Upper Caves | Joined by bewildered Wizard 14953 | -5/Upper Caves | Joined by bewildered Wizard 14953 | -5/Upper Caves | Joined by bewildered Wizard 15101 | -5/Upper Caves | Joined by bewildered Wizard 15224 | -5/Upper Caves | Build established: Scavenger-Tank 15246 | -5/Upper Caves | Learned Factory stockpile data 15257 | -5/Upper Caves | Joined by bewildered Wizard 15408 | -5/Upper Caves | Learned Armory emergency access door positions 15408 | -5/Upper Caves | Learned Factory stockpile data 15408 | -5/Upper Caves | Learned Research stockpile data 15559 | -5/Upper Caves | Entered Zhirov 15559 | -5/Zhirov | Accompanied by 4 allies 15561 | -5/Zhirov | Discovered new exit (range 3) 15794 | -5/Zhirov | Found Alien Artifact 15794 | -5/Zhirov | Identified Integrated Dissipator 15794 | -5/Zhirov | Installed Integrated Dissipator, increased core heat dissipation (+20) 15817 | -5/Zhirov | Found Alien Artifact 15963 | -5/Zhirov | Entered Proximity Caves 15963 | -4/Proximity Caves | Accompanied by 4 allies 15989 | -4/Proximity Caves | Joined by bewildered Wizard 16030 | -4/Proximity Caves | Spotted B-86 Titan 16045 | -4/Proximity Caves | Allies destroyed B-86 Titan 16084 | -4/Proximity Caves | System corruption reached 30% 16088 | -4/Proximity Caves | Found Hvy. Reflective Plating 16220 | -4/Proximity Caves | Joined by bewildered Wizard 16222 | -4/Proximity Caves | Joined by bewildered Wizard 16222 | -4/Proximity Caves | Joined by bewildered Wizard 16224 | -4/Proximity Caves | Joined by bewildered Wizard 16382 | -4/Proximity Caves | Joined by bewildered Wizard 16469 | -4/Proximity Caves | Entered Factory 16469 | -4/Factory | Accompanied by 4 allies 16469 | -4/Factory | Evolved 2 slots: Power x1, Utility x1 16470 | -4/Factory | Identified exit to Research 16470 | -4/Factory | Identified exit to Armory 16581 | -4/Factory | Joined by bewildered Wizard 16696 | -4/Factory | Lost 4 allies 16703 | -4/Factory | Joined by bewildered Wizard 16703 | -4/Factory | Joined by bewildered Wizard 16739 | -4/Factory | Joined by bewildered Wizard 16740 | -4/Factory | Joined by bewildered Wizard 17072 | -4/Factory | Repaired Broken Centrium Heavy Treads 17100 | -4/Factory | Repaired Lrg. Storage Unit 17489 | -4/Factory | Crushed by falling debris 17518 | -4/Factory | Joined by bewildered Wizard 17518 | -4/Factory | Joined by bewildered Wizard 17533 | -4/Factory | Lost 4 allies 17537 | -4/Factory | Discovered exit to Research (range 14) 17538 | -4/Factory | Joined by bewildered Wizard 17538 | -4/Factory | Joined by bewildered Wizard 17557 | -4/Factory | Lost 3 parts (1p2u) 17664 | -4/Factory | Joined by bewildered Wizard 17810 | -4/Factory | Scrapoid reinforcements arrived 17931 | -4/Factory | Lost 3 allies 18003 | -4/Factory | Entered Armory 18003 | -4/Armory | Accompanied by 1 ally 18008 | -4/Armory | Identified Transdimensional Reconstructor 18008 | -4/Armory | Warped through subspace to slip node 18008 | -4/Armory | Discovered new exit (range 1) 18010 | -4/Armory | Entered Lab 18012 | -4/Lab | Discovered exit to Research (range 9) 18032 | -4/Lab | Unable to decrypt terminal 18036 | -4/Lab | Detected for breach 18039 | -4/Lab | Gained access to the hidden lab's interior 18044 | -4/Lab | Confronted by A5 18055 | -4/Lab | System corruption reached 10% 18059 | -4/Lab | Disabled Active System Cloaker 18094 | -4/Lab | MAIN.C forces arrive to investigate 18107 | -4/Lab | Destroyed A5 18249 | -4/Lab | Found Alien Artifact 18249 | -4/Lab | Identified Core Reset Matrix 18249 | -4/Lab | Used Core Reset Matrix 18253 | -4/Lab | Sensed 3 artifacts in vicinity 18292 | -4/Lab | Found Integrated Reactor 18292 | -4/Lab | Installed Integrated Reactor, increased core energy generation (+10) 18301 | -4/Lab | Found Core Expander 18301 | -4/Lab | Installed Core Expander, added new Utility slot 18316 | -4/Lab | Found Transdimensional Reconstructor 18435 | -4/Lab | Found Prototype Hackware 18435 | -4/Lab | Identified Deep Network Scanner 18440 | -4/Lab | Found Prototype Protection 18440 | -4/Lab | Identified Hvy. Regenerative Plating 18446 | -4/Lab | Found Prototype Energy Gun 18446 | -4/Lab | Identified Hyp. EM Gauss Rifle 18451 | -4/Lab | Found Prototype Energy Gun 18451 | -4/Lab | Identified Tachyon Dispersion Ray 18483 | -4/Lab | Unable to decrypt terminal 18517 | -4/Lab | Unable to decrypt terminal 18563 | -4/Lab | Found Prototype Special Weapon 18571 | -4/Lab | Identified Gui. Remote Datajack 18853 | -4/Lab | Build established: Hacker-Gunner 19038 | -4/Lab | Discovered exit to Research (range 5) 19046 | -4/Lab | Entered Research 19046 | -3/Research | Evolved 2 slots: Utility x2 19228 | -3/Research | Garrison activated, responded to threat 19238 | -3/Research | Joined by bewildered Wizard 19238 | -3/Research | Joined by bewildered Wizard 19238 | -3/Research | Joined by bewildered Wizard 19246 | -3/Research | Joined by bewildered Wizard 19373 | -3/Research | Joined by bewildered Wizard 19672 | -3/Research | Intercept squad dispatched 19684 | -3/Research | Spotted Tracker 19692 | -3/Research | Destroyed Tracker 19748 | -3/Research | Build established: Wizard-Tank 19760 | -3/Research | Spotted Combat Programmer 19799 | -3/Research | Destroyed Combat Programmer 19849 | -3/Research | System corruption reached 10% 20285 | -3/Research | Identified exit to Quarantine 20309 | -3/Research | Found Unknown Launcher 20309 | -3/Research | Identified Fusion Bomb Launcher 20429 | -3/Research | Intercept squad dispatched 20457 | -3/Research | Spotted Tracker 20458 | -3/Research | Spotted Tracker 20477 | -3/Research | Destroyed Tracker 20492 | -3/Research | Spotted Combat Programmer 20500 | -3/Research | Destroyed Tracker 20514 | -3/Research | Spotted Combat Programmer 20552 | -3/Research | Garrison activated, responded to threat 20558 | -3/Research | Lost 4 parts (1p1u2w) 20561 | -3/Research | System corruption reached 30% 20615 | -3/Research | Lost 4 parts (1p1n1u1w) 20734 | -3/Research | Warped through subspace 20735 | -3/Research | Core integrity fell below 50% 20764 | -3/Research | Lost 10 parts (2p3n3u2w) 20796 | -3/Research | Build established: Wizard-Mutant 20839 | -3/Research | Emitted hypermatrix ping 20839 | -3/Research | Core integrity fell below 20% 20839 | -3/Research | Destroyed Combat Programmer 20842 | -3/Research | Assembled emerged from beneath the floor 20844 | -3/Research | Assembled emerged from beneath the floor 20922 | -3/Research | Garrison activated, responded to threat 20936 | -3/Research | Assembled emerged from beneath the floor 20949 | -3/Research | Lost 9 allies 20969 | -3/Research | Entered Quarantine 20969 | -3/Quarantine | Accompanied by 12 allies 20970 | -3/Quarantine | Detected hypermatrix surge 20970 | -3/Quarantine | Sensed 8 artifacts in vicinity 20985 | -3/Quarantine | Spotted Alpha 7 21056 | -3/Quarantine | Lost 12 allies 21792 | -3/Quarantine | Intercept squad dispatched 21810 | -3/Quarantine | Spotted Tracker 21833 | -3/Quarantine | Destroyed Tracker 21846 | -3/Quarantine | Spotted Combat Programmer 21897 | -3/Quarantine | Destroyed by Combat Programmer with EMDS Last Messages --------------- 21877_ Penetrated by EMDS Slug. 21878_ DTP6 LAUNBDMEZTL|6H BR2/=QLLHDCN=FOWFQ 21879_ Combat Programmer knocked back. 21880_ Penetrated by EMDS Slug. 21881_ System corrupted: Hardcell Cannon jammed. 21883_ Combat Programmer suffers critical hit (Blast). 21883_ Destroyed Prototype Device. 21883_ Combat Programmer knocked back. 21885_ Penetrated by EMDS Slug. 21885_ Combat Programmer knocked back. 21887_ EMDS Slug penetrates Wall. 21887_ Combat Programmer knocked back. 21889_ Penetrated by EMDS Slug. 21889_ Adv. Force Field destroyed. 21891_ Penetrated by EMDS Slug. 21893_ System corrupted: Component data lost. 21893_ Penetrated by EMDS Slug. 21895_ Hardcell Cannon destroyed. 21897_ Penetrated by EMDS Slug. 21897_ Com. Matter Pod destroyed. Map ----- +----------------------------------------------------+ | #?# # """ """ # ##############??## | | ##?# # """ """ = # """" """" ## # ? | | ???# + """ """ # """" """" ## # | | ???# # """ """ # """" """" ## # """"" | | ???# # """ """ * + """" """" ## # """"" | | ???# # # ## ! # """"" | | ???# ###/###########################+#### | | ???# % !%! # """"" | | ???# [[ # """"" | | ???# % %%=!%^ + """"" | | ???# % %!%=* # | | ???# ####/############################# # """"" | | #### #??? ????????# # # # """"" | | # #???""????????# """"" # # # """"" | | + #???""????????# ""/"" # """ """ # # | | # #???"""???????# """ # " " " " # # = | | T ## #???"?????????# # """ """ # # = | | # ?# #?????????????# # ""T"" # # = | | "??# #?????????????###+#+;;## # # | | ???# #???????????????# ## # ####### | | ???# #?????????????### #;####+##### #???# * | | ???# #????????????? p ;### #### #???# | | ???# #?????????????### u ; ?#^^ #???# | | ???# #???????????????#%!%% #??#^^ #???# | | ???# #??????????????##= #??# """? ##### " | | ???# #??????????????##@u% ##?# "T" / " | | ???# #????###???????# #?# " " ! ##### " | | ???# #????#"######### #?# #???# | | ???########### T #?# #???### | | ???# # "" #?# ###+####??# | | ???# # #?# # #??# | | ???# """"" # ####### #?# # #??# | | ???# ""? " # #?????# ### # """ #??# | | ???# """ + #????#### #### + """ #??# | | ???# "*" # #????"" # #??# ###### """ #??# | | ???# """ # #????"" + #??# #????# #??# | | ???# # #????"" # #### ###??########? # | | ???########+## ##??? # ## #????????????# | | ??????????# +??? # ############## | | ??????????# * ##??? # | | ??????????# #????#### ##### | | ???????####+###+#######??###### #???# | | ???????# " %!%= = #???????### #???# | | ???????##"! [! ! #?????????? #???########## | | ????????## """"""" #?????????? #????????????? | | ?????????# """"""" #??????????####????????????? | | ?????????# """"""" #??????????????????????????? | | ?????????##############??????????????????????????? | | | | | +----------------------------------------------------+ Best States ------------- Heat Dissipation 151 Coolant Potential 65 Energy Generation 67 Energy Capacity 1280 Matter Stores 302 Matter Capacity 450 Sight Range 16 Robot Scan Range 20 Terrain Scan Range 14 Terrain Scan Density 85 Jamming Range 14 Armor Coverage 1200 Resistance: KI 20 Resistance: TH 45 Resistance: EX 20 Resistance: EM 45 Resistance: I 20 Resistance: S 20 Resistance: P 20 Core Shielding 40 Weapon Cycling 15 Evasion (%) 65 Targeting Accuracy 5 Target Analysis 8 Recoil Reduction 4 Energy Filtering 30 Particle Charging 30 Salvage Targeting 8 Offensive Hacking 61 Defensive Hacking 26 Authchip Count 1 Trap Extractor Capacity 8 Item Schematics ----------------- Exp. Thermal Shield | -3/Quarantine | Archive Exp. Hacking Suite | -3/Quarantine | Archive Enh. Biometal Leg | -3/Quarantine | Archive Imp. Antigrav System | -3/Quarantine | Scanalyzed Adv. Variable Charge Gun | -3/Quarantine | Scanalyzed Energy Well | -3/Quarantine | Scanalyzed Gamma Rifle | -3/Quarantine | Scanalyzed Thunder Hammer | -3/Quarantine | Scanalyzed Robot Schematics ------------------ None Fabricated ------------ Matter Neutralizer | x2 | -5/Factory | Preloaded Alien Tech Used ----------------- Integrated Dissipator Transdimensional Reconstructor Core Reset Matrix Integrated Reactor Core Expander Achievements -------------- None Challenges ------------ None Game ------ Seed SupercompositeNodeSabre Manual? 0 Play Time 03:13:54 Cumulative 346.1 hours Start 2024.09.03 @ 18:04:16 End 2024.09.04 @ 01:42:48 Sessions 5 Manual Loads 0 Difficulty Adventurer Special Mode None Game No. 262 Rogue 63 Adventurer 173 Explorer 26 Win Type - Total 1 Types 1/0/0/0/0/0/0/0/0 Lore% 78 Gallery% 76 Achievement% 68 Wizard Run 0 Options --------- Layout 2 ASCII 0 Keyboard 0 Movement Mouse Keybinds 0 Fullscreen 0 Font 18/CogNarrow Map View 64x51 Zoom Use 1% Tactical HUD 1 Map Filters NONE Filters BRIGHTNESS(115)|SATURATION(100)|LOW_CONTRAST(0,16,30) Steam 1 RUN: 22f71d9f-3f5b-43ad-ba5d-7b9829f23b43